[Event "*** Titled Tuesday 3|2 Blitz (Late)"]
[Site "Chess.com"]
[Date "2016.11.01"]
[Round "6"]
[White "pKiLz5Rn9b"]
[Black "GM_Barcenilla"]
[Result "1-0"]
[WhiteElo "2516"]
[BlackElo "2656"]
[TimeControl "180+2"]
[EndTime "18:21:46 PDT"]
[Termination "pKiLz5Rn9b won by resignation"]

1. e4 g6 2. Nf3 Bg7 3. d4 c6 4. Nc3 d5 5. Bd3 dxe4 6. Bxe4 Nf6 7. Bd3 O-O 8. h3 c5 9. dxc5 Nbd7 10. c6 bxc6 11. O-O Nd5 12. Ne4 f5 13. Ng3 e5 14.
Bc4 Nb6 15. Bb3 c5 16. Bg5 Qd7 17. Nd2 Ba6 18. Re1 c4 19. Nxc4 Bxc4 20. Bxc4 Nxc4 21. b3 Ncb6 22. c4 Nc7 23. Qc2 e4 24. Rad1 Qf7 25.
Ne2 Ne6 26. Bc1 Rfd8 27. Be3 Nd7 28. Rd5 Ne5 29. Red1 Nd3 30. Nc3 Rxd5 31. Nxd5 f4 32. Bd2 Nd4 33. Qb1 Ne2+ 34. Kf1 Bd4 35. Nb4 Ng3+ 36.
Kg1 Bxf2+ 37. Kh2 Ne5 38. Nd5 g5 39. Bc3 Re8 40. Qb2 Nd3 41. Rxd3 exd3 42. Nf6+ Kf8 43.
Nxe8 Qxe8 44. Qxf2 Qe2 45. Qd4 Qe4 46. Qd8+ Kf7 47.
Qf6+ Ke8 48. Qxg5 Nf1+ 49. Kg1 Ne3 50. Qg8+ Kd7 51. Qf7+ Kc8 52. Qg8+ Kb7 53. Bb4 Qg6 54. Qxg6 hxg6 55. Bd2 Kc6 56. Kf2 Nc2 57. Bxf4 Kc5 58. Bd2 Kd4 59. g4 Ke4 60. h4 Nd4 61. h5 gxh5 62.
gxh5 Nf3 63. h6 Nxd2 64. h7 1-0

[Event "*** Titled Tuesday 3|2 Blitz (Late)"]
[Site "Chess.com"]
[Date "2016.11.01"]
[Round "6"]
[White "Rozum_Ivan"]
[Black "Genghis_K"]
[Result "1-0"]
[WhiteElo "2611"]
[BlackElo "2676"]
[TimeControl "180+2"]
[EndTime "18:21:52 PDT"]
[Termination "Rozum_Ivan won on time"]

1. Nf3 Nf6 2. d4 g6 3. Bg5 Bg7 4. Nbd2 O-O 5. c3 d6 6. e4 c5 7. dxc5 dxc5 8. Bc4 Nc6 9. O-O Qc7 10. Re1 h6 11. Bh4 Nh5 12. Qc2 g5 13. Bg3 Nxg3 14.
hxg3 g4 15. Nh2 Ne5 16. Be2 Be6 17. Nhf1 Rad8 18. Ne3 h5 19. Ndc4 Nxc4 20. Bxc4 Bh6 21. Nd5 Bxd5 22. exd5 b5 23. Bxb5 Rxd5 24. Bc4 Rg5 25.
Rad1 e6 26. Rd3 Rd8 27. Red1 Rxd3 28. Qxd3 Re5 29. Kf1 Kg7 30. Qd6 Qxd6 31. Rxd6 Bc1 32. b3 Bb2 33. Rd3 Kf6 34. f4 Rf5 35. Bb5 h4 36.
Kf2 Bc1 37. gxh4 Bxf4 38. g3 Be5+ 39. Kg2 Bc7 40. Bc6 Re5 41. Kf2 Rf5+ 42. Ke2 c4 43. bxc4 Bb6 44. a4 Rf2+ 45. Ke1 Ra2 46. Be8 Bf2+ 47.
Kf1 Ke7 48. Bb5 f5 49. Bd7 Bc5 50. Bc8 a5 51. Rd7+ Kf6 52. Rc7 Bd6 53. Rc6 Bxg3 54.
Rxe6+ Kg7 55. h5 Rf2+ 56. Kg1 Rf3 57. h6+ Kh7 58. Rf6 Bf2+ 59. Kg2 Be3 60. Bxf5+ Kg8 61. h7+ Kg7 62. Rf8 Rh3 63. Rg8+ Kf6 64. h8=Q+ Rxh8 65. Rxh8 Kxf5 66. Rh5+ Ke4 67. Rxa5 Kd3 68. c5 Kxc3 69.
c6 Bb6 70. c7 1-0

[Event "*** Titled Tuesday 3|2 Blitz (Late)"]
[Site "Chess.com"]
[Date "2016.11.01"]
[Round "6"]
[White "KingFlorida"]
[Black "FearlessKing64"]
[Result "1-0"]
[WhiteElo "2296"]
[BlackElo "2151"]
[TimeControl "180+2"]
[EndTime "18:23:33 PDT"]
[Termination "KingFlorida won on time"]

1. Nf3 Nf6 2. d4 g6 3. Nc3 d5 4. Bf4 a6 5. e3 Bg7 6. Be2 O-O 7. Ne5 c5 8. h4 h5 9. dxc5 Nc6 10. Nxc6 bxc6 11. Be5 Ng4 12. Bxg7 Kxg7 13. Bxg4 Bxg4 14. Qd4+ f6 15. f3 e5 16. Qd2 Be6 17. Na4 Qe7 18.
O-O-O Rab8 19. a3 Rfd8 20. Qc3 Rb5 21. Rhe1 Qc7 22. Nb6 Rxb6 23. cxb6 Qxb6 24. Rd2 c5 25. Qb3 Qc6 26. c3 d4 27. Qc2 Rb8 28. cxd4 Bf7 29. dxe5 f5 30. e4 f4 31. Rd6 Qe8 32. e6 Bxe6 33. Qc3+ Kh6 34. Red1 Bb3 35. R1d2 Qe7 36. Qf6 Qxf6 37. Rxf6 c4 38. Rdd6 Rg8 39. Kd2 a5 40. Kc3 a4 41. e5 Kh7 42. e6 Re8 43. Rd7+ Kg8 44. e7 Kg7 45. Rf8 Rxf8 46. exf8=Q+ Kxf8 47. Rc7 Kg8 48. Kd4 Kf8 49. Ke5 Ke8 50. Kf6 Kd8 51.
Rc5 c3 52. Rxc3 Bd1 53. Kxg6 Be2 54. Kxh5 Bf1 55. Rc2 Kd7 56. Kg6 Bd3+ 57. Kg7 Bxc2 58. h5 Ke6 59. h6 Kd5 60. h7 Bxh7 61. Kxh7 Kc4 62. Kg6 Kb3 63. Kf5 Kxb2 64. Kxf4 Kxa3 65. g4 Kb4 66. g5 a3 67. g6 a2 68. g7 a1=Q 69. g8=Q Qf6+ 70. Kg4 Kc3 71. f4 Kd4 72. f5 Ke3 73. Qe8+ Kf2 74. Qe6 Qg7+ 75. Kh4 Qh8+ 76. Kg5 Qg7+ 77. Qg6 Qe5 78. Qb6+ Kg3 79. Qb3+ Kh2 80.
Kg6 Qe8+ 81. Qf7 Qe3 82. Kg7 1-0

[Event "*** Titled Tuesday 3|2 Blitz (Late)"]
[Site "Chess.com"]
[Date "2016.11.01"]
[Round "7"]
[White "Quiet_Desperation"]
[Black "Jahonas"]
[Result "1-0"]
[WhiteElo "2284"]
[BlackElo "2142"]
[TimeControl "180+2"]
[EndTime "18:26:49 PDT"]
[Termination "Quiet_Desperation won by resignation"]

1. e4 e5 2. Nf3 Nc6 3. Bb5 Nge7 4. O-O g6 5. c3 Bg7 6. d4 exd4 7. cxd4 d5 8. e5 O-O 9. h3 a6 10. Bxc6 Nxc6 11.
Nc3 Be6 12. Be3 Na5 13. b3 b5 14. Rc1 Qd7 15. Qd2 Nb7 16. Bh6 Rfc8 17. Bxg7 Kxg7 18. Ng5 c5 19. f4 b4 20. Na4 c4 21. Nb6 Qb5 22.
Nxc8 Rxc8 23. f5 Bxf5 24. Rxf5 gxf5 25. Qf4 Qd7 26. e6 Qd6 27. Qxf5 1-0

[Event "*** Titled Tuesday 3|2 Blitz (Late)"]
[Site "Chess.com"]
[Date "2016.11.01"]
[Round "7"]
[White "Peroncio"]
[Black "kereswasbest"]
[Result "1-0"]
[WhiteElo "2480"]
[BlackElo "2141"]
[TimeControl "180+2"]
[EndTime "18:27:00 PDT"]
[Termination "Peroncio won by resignation"]

1. e4 e6 2. d4 d5 3. Nd2 dxe4 4. Nxe4 Nd7 5. Nf3 Ngf6 6. Bg5 Be7 7. Nxf6+ Bxf6 8. h4 h6 9. Be3 b6 10. Qd2 Bb7 11.
O-O-O c5 12. Kb1 cxd4 13. Nxd4 O-O 14. Nxe6 fxe6 15. Qxd7 Qxd7 16. Rxd7 Bd5 17. Bd3 Bxg2 18. Rg1 Bd5 19. Bxh6 Bd4 20. Bxg7 Bxf2 21. Be5+ Bxg1 22. Rg7+ Kh8 23. Rxg1+ 1-0

[Event "*** Titled Tuesday 3|2 Blitz (Late)"]
[Site "Chess.com"]
[Date "2016.11.01"]
[Round "7"]
[White "Gabrielian_Artur"]
[Black "jcibarra"]
[Result "1-0"]
[WhiteElo "2566"]
[BlackElo "2651"]
[TimeControl "180+2"]
[EndTime "18:27:57 PDT"]
[Termination "Gabrielian_Artur won by resignation"]

1. e4 e5 2. Nf3 d6 3. d4 exd4 4. Nxd4 Nf6 5. Nc3 Be7 6. g3 d5 7.
e5 Ng4 8. e6 Nf6 9. exf7+ Kxf7 10. Bg2 c6 11. O-O Re8 12. h3 Na6 13. b3 Nc7 14.
Bb2 c5 15. Nf3 d4 16. Ne2 Kg8 17. Nf4 Ncd5 18. Nxd5 Nxd5 19. Qd2 Bf6 20. Rfe1 Rxe1+ 21. Rxe1 Bf5 22. g4 Bg6 23. g5 Be7 24. Ne5 Bf5 25.
h4 Rc8 26. Qe2 Nf4 27. Qf3 Nxg2 28. Qxf5 1-0

[Event "*** Titled Tuesday 3|2 Blitz (Late)"]
[Site "Chess.com"]
[Date "2016.11.01"]
[Round "7"]
[White "Rating-Schmating"]
[Black "chessking2151"]
[Result "0-1"]
[WhiteElo "2241"]
[BlackElo "2325"]
[TimeControl "180+2"]
[EndTime "18:28:31 PDT"]
[Termination "chessking2151 won by resignation"]

1. e4 e5 2. Nf3 Nc6 3. d4 exd4 4. Nxd4 Bc5 5. Nxc6 bxc6 6. Bc4 Qf6 7. Qf3 Qxf3 8.
gxf3 Ne7 9. Be3 Bb6 10. Nd2 d5 11. Bd3 Rb8 12. Nb3 Ng6 13. O-O-O O-O 14. exd5 cxd5 15.
Bxb6 axb6 16. Bxg6 fxg6 17. Rxd5 Rxf3 18. Rd8+ Rf8 19.
Rhd1 Bg4 20. Rxf8+ Rxf8 21. Rd2 Re8 22. Rd3 Re1+ 23.
Kd2 Re2+ 24. Kc3 Rxf2 25. Nd4 c5 26. Nc6 Bf5 27. Rd8+ Kf7 28. Ne5+ Ke7 29. Rg8 Rxc2+ 30. Kb3 Rxh2 31. Nc6+ Kd6 32. Nd8 Kd7 33. Nf7 Be6+ 34. Kc3 Bxf7 35. Rxg7 Ke6 36. Rxh7 Rxh7 0-1

[Event "*** Titled Tuesday 3|2 Blitz (Late)"]
[Site "Chess.com"]
[Date "2016.11.01"]
[Round "7"]
[White "pKiLz5Rn9b"]
[Black "Alexander_Moskalenko"]
[Result "0-1"]
[WhiteElo "2511"]
[BlackElo "2660"]
[TimeControl "180+2"]
[EndTime "18:29:51 PDT"]
[Termination "Alexander_Moskalenko won by checkmate"]

1. e4 c5 2. c3 Nf6 3. e5 Nd5 4. d4 cxd4 5. cxd4 d6 6. Nf3 Nc6 7. Bc4 e6 8. O-O Be7 9. Bd2 O-O 10. Qe2 Bd7 11. Nc3 Nxc3 12. Bxc3 dxe5 13. dxe5 Qc7 14. Rac1 Rac8 15. Rfd1 Rfd8 16. Bd3 g6 17. Be4 Be8 18. h4 Rxd1+ 19. Rxd1 Rd8 20. h5 Rxd1+ 21. Qxd1 b5 22. hxg6 hxg6 23. b3 Nb4 24. Bxb4 Bxb4 25. g3 Kg7 26. Kg2 a5 27. Qd4 Bc5 28. Qd1 Bb6 29.
Qe2 Qc5 30. Bd3 Bc6 31. Kf1 Qd5 32. Ne1 Qh1# 0-1

[Event "*** Titled Tuesday 3|2 Blitz (Late)"]
[Site "Chess.com"]
[Date "2016.11.01"]
[Round "7"]
[White "TheSovietChess"]
[Black "Zaven_ChessMood"]
[Result "1/2-1/2"]
[WhiteElo "2558"]
[BlackElo "2799"]
[TimeControl "180+2"]
[EndTime "18:29:53 PDT"]
[Termination "Game drawn by agreement"]

1. d4 Nf6 2. c4 c5 3. e3 g6 4. Nc3 Bg7 5. Nf3 O-O 6. Bd3 cxd4 7.
exd4 d5 8. O-O Nc6 9. h3 Nb4 10. c5 Nxd3 11. Qxd3 Bf5 12. Qb5 b6 13. c6 Qd6 14.
Ne5 Ne4 15. Bf4 Nxc3 16. bxc3 Rfc8 17. g4 Be6 18. Nxg6 Qd8 19. Ne5 Bxe5 20. Bxe5 Qe8 21. Qe2 Rxc6 22. Qe3 f6 23. Bg3 h5 24. f3 Rac8 25.
Rae1 Qg6 26. Kg2 Kg7 27. Rf2 Bf7 28. Qxe7 Re8 29. Qb7 Rxe1 30. Qxc6 Qb1 31. Bh2 hxg4 32. hxg4 Qc1 33. Qc7 Rd1 34. a4 Rd3 35. Qxa7 Rd2 36.
Qe7 Rxf2+ 37. Kxf2 Qxc3 38. Qe3 Qxe3+ 39. Kxe3 Be8 40.
Bc7 Bxa4 41. Bxb6 Kg6 42. Kf4 Bd1 43. Bc5 Be2 44. Bb4 Bd1 45. Bd6 Be2 1/2-1/2

[Event "*** Titled Tuesday 3|2 Blitz (Late)"]
[Site "Chess.com"]
[Date "2016.11.01"]
[Round "7"]
[White "BellJackson95"]
[Black "stalyansky"]
[Result "1-0"]
[WhiteElo "2235"]
[BlackElo "2187"]
[TimeControl "180+2"]
[EndTime "18:30:11 PDT"]
[Termination "BellJackson95 won on time"]

1. d4 d5 2. c4 c6 3. Nc3 Nf6 4.
cxd5 cxd5 5. f3 Nc6 6. e4 dxe4 7. d5 Ne5 8. fxe4 e6 9. Nf3 Nxf3+ 10. Qxf3 exd5 11.
e5 Ne4 12. Bb5+ Bd7 13. Rf1 f6 14. exf6 Nxf6 15. Qe2+ Be7 16. Rxf6 d4 17. Qh5+ g6 18. Rxg6 hxg6 19. Qxh8+ Bf8 20. Qxd4 Qe7+ 21. Be3 Bxb5 22.
Nxb5 Rd8 23. Qc3 Qe4 24. Kf2 1-0

[Event "*** Titled Tuesday 3|2 Blitz (Late)"]
[Site "Chess.com"]
[Date "2016.11.01"]
[Round "7"]
[White "jposthuma"]
[Black "MFBerna"]
[Result "0-1"]
[WhiteElo "2172"]
[BlackElo "2193"]
[TimeControl "180+2"]
[EndTime "18:30:17 PDT"]
[Termination "MFBerna won on time"]

1. d4 d5 2. Nf3 c6 3. Bf4 Bf5 4.
e3 e6 5. c4 Nf6 6. Nc3 Nbd7 7.
Bd3 Bxd3 8. Qxd3 Be7 9. O-O O-O 10. Rfc1 Nh5 11. Bg3 Nxg3 12. hxg3 Nf6 13. c5 Nd7 14.
b4 Bf6 15. e4 dxe4 16. Nxe4 Be7 17. b5 Nf6 18. bxc6 bxc6 19. Ned2 Qd5 20. Nb3 Rfd8 21. Qa6 Ng4 22. Na5 Rdc8 23. Nc4 Bf6 24. Nd6 Rcb8 25.
Rd1 Rb2 0-1

[Event "*** Titled Tuesday 3|2 Blitz (Late)"]
[Site "Chess.com"]
[Date "2016.11.01"]
[Round "7"]
[White "jcgs1030"]
[Black "keisyzrk"]
[Result "1-0"]
[WhiteElo "2288"]
[BlackElo "2230"]
[TimeControl "180+2"]
[EndTime "18:30:48 PDT"]
[Termination "jcgs1030 won by resignation"]

1. e4 c6 2. d4 d5 3. e5 Bf5 4. Nf3 e6 5. Be2 c5 6. c3 Nc6 7. O-O c4 8. b4 b5 9. a4 a6 10. Na3 Rb8 11. Be3 h6 12. Ne1 Bh7 13. f4 Nge7 14. g4 h5 15. h3 hxg4 16. hxg4 Be4 17.
Bf3 Bxf3 18. Nxf3 Ng6 19. f5 exf5 20. gxf5 Nh4 21. Ng5 Be7 22. Qg4 Qc8 23. e6 fxe6 24.
Nxe6 g6 25. f6 Nd8 26. Ng7+ Kf7 27. fxe7+ Kxg7 28. Qxc8 Rxc8 29. exd8=Q Rcxd8 30. axb5 Nf5 31. Bf4 axb5 32. Be5+ 1-0

[Event "*** Titled Tuesday 3|2 Blitz (Late)"]
[Site "Chess.com"]
[Date "2016.11.01"]
[Round "7"]
[White "popov_m"]
[Black "brightthunder"]
[Result "1-0"]
[WhiteElo "2301"]
[BlackElo "2527"]
[TimeControl "180+2"]
[EndTime "18:30:59 PDT"]
[Termination "popov_m won by resignation"]

1. c4 Nf6 2. g3 c5 3. Bg2 e6 4. Nf3 a6 5. O-O Qc7 6. b3 b6 7. d4 cxd4 8. Nxd4 Bb7 9. Bxb7 Qxb7 10.
Nc3 Be7 11. Bb2 O-O 12. a4 d6 13.
a5 bxa5 14. Ba3 Nc6 15. Nxc6 Qxc6 16. Na4 Rab8 17. Qd3 Rfd8 18. Rfd1 Bf8 19. Rab1 Rd7 20. Qc3 Rdb7 21. Rd3 Ne4 22. Qxa5 h6 23. h4 Nf6 24.
Qd2 Ne4 25. Qe3 Nf6 26. Rbd1 d5 27. Bxf8 Kxf8 28. cxd5 Nxd5 29. Qc5+ Qxc5 30. Nxc5 Ra7 31. e4 Nb4 32. Nd7+ 1-0

[Event "*** Titled Tuesday 3|2 Blitz (Late)"]
[Site "Chess.com"]
[Date "2016.11.01"]
[Round "7"]
[White "Noukii"]
[Black "nihalsarin"]
[Result "0-1"]
[WhiteElo "2640"]
[BlackElo "2513"]
[TimeControl "180+2"]
[EndTime "18:31:06 PDT"]
[Termination "nihalsarin won by resignation"]

1. d4 d5 2. c4 e6 3. Nc3 Nf6 4. Nf3 dxc4 5. g3 Be7 6. Bg2 O-O 7. Ne5 Nc6 8. Bxc6 bxc6 9. Nxc6 Qe8 10. Nxe7+ Qxe7 11. Qa4 c5 12. dxc5 Qxc5 13. Be3 Qh5 14. f3 Nd5 15.
Nxd5 exd5 16. Bd4 Bh3 17. Kf2 Rfe8 18. Rad1 Re6 19. Rd2 Rae8 20. Qxa7 Qf5 21. Bc3 Bg2 22. Re1 Bxf3 23. exf3 Rxe1 24. Qd4 Rf1+ 25. Kxf1 Qxf3+ 26. Qf2 Qh1+ 27. Qg1 Re1+ 28. Kxe1 Qxg1+ 29. Ke2 Qxh2+ 30. Kf3 Qh1+ 31. Kf2 h5 32. a4 h4 33. gxh4 Qxh4+ 34. Ke3 Qe1+ 35. Kd4 Qe4+ 36. Kc5 g5 37. Rxd5 g4 38. a5 Qe3+ 39. Kb5 g3 40. a6 Qf3 41. Rd8+ Kh7 42. a7 Qb7+ 43. Kxc4 Qc7+ 0-1

[Event "*** Titled Tuesday 3|2 Blitz (Late)"]
[Site "Chess.com"]
[Date "2016.11.01"]
[Round "7"]
[White "gmshanmeruga"]
[Black "Izoria123"]
[Result "1/2-1/2"]
[WhiteElo "2308"]
[BlackElo "2584"]
[TimeControl "180+2"]
[EndTime "18:31:15 PDT"]
[Termination "Game drawn by repetition"]

1. e4 c5 2. Nf3 e6 3. d4 cxd4 4. Nxd4 a6 5. Nc3 Qc7 6. Be3 Nf6 7. Bd3 b5 8. a3 Bb7 9. O-O d6 10. f4 Be7 11. Qf3 Nbd7 12. Rae1 Rc8 13. g4 Nc5 14. g5 Nfd7 15. Be2 g6 16. b4 Na4 17. Nxa4 bxa4 18. Bd3 e5 19. Ne2 exf4 20. Nxf4 Ne5 21.
Qg3 O-O 22. Bd4 Rfe8 23. Nd5 Bxd5 24. exd5 Nxd3 25. cxd3 Bf8 26. h4 Qd7 27. Rxe8 Rxe8 28. Qf3 Bg7 29. Bxg7 Kxg7 30. Kg2 Re5 31. d4 Rf5 32. Qh3 Qc8 33. Rxf5 gxf5 34. Qd3 Kg6 35. h5+ Kxh5 36. Qh3+ Kxg5 37. Qg3+ Kh5 38. Qh3+ Kg6 39.
Qg3+ Kh5 40. Qh3+ Kg6 41. Qg3+ Kh5 1/2-1/2

[Event "*** Titled Tuesday 3|2 Blitz (Late)"]
[Site "Chess.com"]
[Date "2016.11.01"]
[Round "7"]
[White "michaelk123"]
[Black "Kubas1010"]
[Result "0-1"]
[WhiteElo "2149"]
[BlackElo "2417"]
[TimeControl "180+2"]
[EndTime "18:31:40 PDT"]
[Termination "Kubas1010 won by resignation"]

1. e4 e6 2. d4 d5 3. Nd2 Nc6 4. Ngf3 Nf6 5. e5 Nd7 6. Be2 b6 7.
O-O Bb7 8. Re1 Qe7 9. Nf1 O-O-O 10. Ne3 f6 11. exf6 gxf6 12. c4 dxc4 13. Qa4 Rg8 14.
Bxc4 Na5 15. Nf5 Qb4 16. Qxb4 Bxb4 17. Bxe6 Bxf3 18. Bxg8 Bxe1 19. Ne7+ Kb8 20. gxf3 Bb4 21. Bxh7 Bxe7 22. Bf4 Nf8 23. Be4 Ne6 24. Bg3 Nxd4 25. Kg2 f5 26. Bd3 Bf6 27. Rc1 Rd7 28. h4 Kb7 29. h5 c5 30. h6 Nac6 31. Rh1 Rh7 32. Rh5 Ne7 33. Bf4 Kc6 34. Be3 Kd6 35. b3 Be5 36. Bg5 Ne6 37. Bd2 Bf4 38. Bc3 Rxh6 39.
Rxh6 Bxh6 40. Kf1 Nd5 41. Be1 Nd4 42. Ba6 Nb4 43. Bb7 Nxa2 44. f4 Bxf4 45. f3 Nc1 46. Bh4 Ncxb3 47. Kf2 Nc1 48. Ke1 Nd3+ 49. Kd1 Ne5 50. Ba8 Ndxf3 51. Bd8 Nd4 52. Ke1 Nc4 53. Bf6 Be5 54. Bg5 Bg3+ 55. Kd1 a5 56. Bh6 f4 57. Bf8+ Kc7 58. Bd5 Ne3+ 0-1

[Event "*** Titled Tuesday 3|2 Blitz (Late)"]
[Site "Chess.com"]
[Date "2016.11.01"]
[Round "7"]
[White "theprosecution1"]
[Black "hardingstoptry"]
[Result "1-0"]
[WhiteElo "2519"]
[BlackElo "2573"]
[TimeControl "180+2"]
[EndTime "18:31:49 PDT"]
[Termination "theprosecution1 won by resignation"]

1. e4 e5 2. Nf3 d6 3. d4 Nf6 4. dxe5 Nxe4 5. Qd5 Nc5 6. Bg5 Be7 7.
exd6 cxd6 8. Nc3 O-O 9. O-O-O Be6 10. Bxe7 Qxe7 11. Qxd6 Nc6 12. Qxe7 Nxe7 13. Nd4 Nc6 14. Nxc6 bxc6 15. Be2 Rac8 16. Bf3 Nd7 17. Rhe1 Nf6 18. Rd6 Rfd8 19. Rxc6 Rxc6 20. Bxc6 Ng4 21. f3 Nf6 22. b4 Kf8 23. a4 Rd4 24. b5 Rc4 25. Kb2 h5 26. Re3 Ne8 27. Bxe8 Kxe8 28.
Re4 Rc8 29. Ne2 Kd7 30. Nf4 g6 31. Nxe6 fxe6 32. c4 Ke7 33. Kc3 a5 34. bxa6 Ra8 35. c5 Rxa6 36. Kb4 Ra8 37. Rd4 Rb8+ 38. Ka5 Rb2 39. c6 Rxg2 40. Kb6 Rxh2 41. c7 Rb2+ 42.
Kc6 Rc2+ 43. Kb7 Rb2+ 44. Kc8 h4 45. Rd7+ Ke8 46. Rh7 e5 47. Rxh4 Kf7 48. Kd7 Rd2+ 49. Kc6 Rc2+ 50. Kd6 g5 51. Rh8 g4 52. fxg4 e4 53.
c8=Q 1-0

[Event "*** Titled Tuesday 3|2 Blitz (Late)"]
[Site "Chess.com"]
[Date "2016.11.01"]
[Round "7"]
[White "g2_g3"]
[Black "Scott-fox21"]
[Result "1-0"]
[WhiteElo "1857"]
[BlackElo "2178"]
[TimeControl "180+2"]
[EndTime "18:31:54 PDT"]
[Termination "g2_g3 won by checkmate"]

1. d4 d5 2. Nf3 c5 3. e3 Nc6 4. c3 cxd4 5. exd4 Nf6 6. Bd3 Bg4 7. O-O e6 8. Bb5 Bd6 9. Qa4 Qc7 10. Ne5 Bxe5 11.
dxe5 Nd7 12. Bxc6 bxc6 13. Qxg4 O-O 14. f4 f5 15. exf6 Nxf6 16. Qxe6+ Kh8 17. Na3 Rae8 18. Qh3 Qb6+ 19. Kh1 Re2 20. Qf3 Rfe8 21. f5 Ne4 22. h3 Nf2+ 23. Kh2 Qc7+ 24. Bf4 Qb6 25. b3 Qc5 26. b4 Qb6 27. Bg3 R8e3 28. Bxf2 Rxf3 29. Bxb6 Rxc3 30. Bc5 Rxa3 31. Rf2 Re8 32. Raf1 Rc3 33. f6 gxf6 34. Rxf6 Rd3 35. R6f4 Kg7 36. Bd4+ Kh6 37. Rh4+ Kg6 38. Rg4+ Kh6 39. Rf6+ Kh5 40. Rf5+ Kh6 41. Bg7# 1-0

[Event "*** Titled Tuesday 3|2 Blitz (Late)"]
[Site "Chess.com"]
[Date "2016.11.01"]
[Round "7"]
[White "micfel"]
[Black "GianmarcoVaR"]
[Result "0-1"]
[WhiteElo "2290"]
[BlackElo "2419"]
[TimeControl "180+2"]
[EndTime "18:31:55 PDT"]
[Termination "GianmarcoVaR won by resignation"]

1. e4 c5 2. Nf3 d6 3. d4 cxd4 4. Nxd4 Nf6 5. Nc3 a6 6. Bg5 e6 7. f4 h6 8. Bh4 Nc6 9. Nb3 Qb6 10. Bf2 Qc7 11. Qd2 b5 12. Bd3 Be7 13. h3 g5 14.
fxg5 hxg5 15. O-O-O Bb7 16. Be3 b4 17. Ne2 Rg8 18.
Kb1 a5 19. Ng3 Nd7 20. Qf2 a4 21. Nd4 Nxd4 22. Bxd4 Bc6 23. Rhf1 Rf8 24. Bg7 O-O-O 25. Bxf8 Rxf8 26. Ne2 Ne5 27. Nd4 Bb7 28. Nb5 Qc5 29. Qxc5+ dxc5 30. b3 a3 31. Rfe1 Rd8 32. Kc1 Nxd3+ 33.
Rxd3 Rxd3 34. cxd3 Ba6 35. Rf1 Bxb5 36. Rxf7 Kd7 37.
Kd2 Kd8 38. g3 Be8 39. Rg7 Bf6 40. Rg8 Ke7 41. h4 Kf7 42. Rxg5 Bxg5+ 43. hxg5 e5 44. Ke3 Kg6 0-1

[Event "*** Titled Tuesday 3|2 Blitz (Late)"]
[Site "Chess.com"]
[Date "2016.11.01"]
[Round "7"]
[White "GMMelik"]
[Black "KingFlorida"]
[Result "1-0"]
[WhiteElo "2377"]
[BlackElo "2290"]
[TimeControl "180+2"]
[EndTime "18:32:05 PDT"]
[Termination "GMMelik won by resignation"]

1. e4 Nf6 2. e5 Nd5 3. d4 d6 4. Nf3 Nd7 5. exd6 exd6 6. c4 N5b6 7. Nc3 Be7 8. Be2 O-O 9. O-O Nf6 10. h3 Bf5 11. g4 Bg6 12. Bf4 Re8 13. Re1 Ne4 14.
Bd3 Nf6 15. Bxg6 hxg6 16. Qd3 Nfd7 17. b3 a5 18. a4 Nb8 19. Re2 Nc6 20. Rae1 Qd7 21.
d5 Nb4 22. Qe3 Kf8 23. Nb5 Na6 24. Qd2 Nc5 25. Nfd4 c6 26. dxc6 bxc6 27. Rxe7 Rxe7 28. Bxd6 Ne6 29. Nxe6+ Kg8 30. Nc5 Rxe1+ 31. Qxe1 Qe8 32. Qxe8+ Rxe8 33. Na7 Rd8 34. Bc7 Rd1+ 35. Kg2 Nd7 36. Nxd7 Rxd7 37. Bb6 Rb7 38. c5 1-0

[Event "*** Titled Tuesday 3|2 Blitz (Late)"]
[Site "Chess.com"]
[Date "2016.11.01"]
[Round "7"]
[White "Aygehovit1992"]
[Black "Wilsonpalencia"]
[Result "0-1"]
[WhiteElo "2447"]
[BlackElo "2421"]
[TimeControl "180+2"]
[EndTime "18:32:08 PDT"]
[Termination "Wilsonpalencia won by resignation"]

1. e4 c5 2. Nf3 d6 3. d4 cxd4 4.
Nxd4 Nf6 5. Nc3 g6 6. Be2 Bg7 7. O-O Nc6 8. Nb3 O-O 9. Re1 Be6 10. Bf1 a5 11. a4 Rc8 12. Nd5 Ne5 13. Bg5 Nxd5 14.
exd5 Bg4 15. Qd2 h6 16. Bh4 g5 17. Bg3 Nc4 18. Bxc4 Rxc4 19. c3 Qb6 20. Nc1 Bf6 21. h3 Bf5 22. Nd3 Rfc8 23. Re3 Re4 24. Rxe4 Bxe4 25.
Ne1 Rc5 26. Nf3 Rxd5 27. Qe2 Bxf3 28. gxf3 Qb3 29. f4 b5 30. fxg5 hxg5 31. Ra3 Rd1+ 32. Kh2 Qd5 0-1

[Event "*** Titled Tuesday 3|2 Blitz (Late)"]
[Site "Chess.com"]
[Date "2016.11.01"]
[Round "7"]
[White "DanielNaroditsky"]
[Black "AlexanderL"]
[Result "1-0"]
[WhiteElo "2745"]
[BlackElo "2591"]
[TimeControl "180+2"]
[EndTime "18:32:18 PDT"]
[Termination "DanielNaroditsky won by resignation"]

1. d4 e6 2. Bf4 c5 3. e3 Nf6 4. Nc3 d5 5. Nb5 Na6 6. c3 Be7 7. Nf3 O-O 8. Be2 Bd7 9. a4 c4 10.
Ne5 Bxb5 11. axb5 Nc7 12. Qa4 a6 13. bxa6 Rxa6 14. Qd1 Rxa1 15. Qxa1 Bd6 16. O-O Qa8 17. Qb1 b5 18. h4 Qb7 19. h5 Ne4 20. Qc2 f6 21.
Nd7 Bxf4 22. Nxf8 Bd6 23. Nd7 Qc6 24. Nc5 Nxc5 25. dxc5 Qxc5 26. Ra1 f5 27. Bf3 Kf7 28. b3 Be5 29. b4 Qc6 30. g4 g6 31. hxg6+ hxg6 32.
Kg2 Kf6 33. Rh1 Kg7 34. Qa2 Bxc3 35. Qa7 Bxb4 36. Qd4+ Kf7 37. Rh7+ Ke8 38. Qf6 Qd6 39. Qf7+ Kd8 40. Rh8+ 1-0

[Event "*** Titled Tuesday 3|2 Blitz (Late)"]
[Site "Chess.com"]
[Date "2016.11.01"]
[Round "7"]
[White "tigra"]
[Black "pedromartinez91"]
[Result "1-0"]
[WhiteElo "2458"]
[BlackElo "2290"]
[TimeControl "180+2"]
[EndTime "18:32:28 PDT"]
[Termination "tigra won by resignation"]

1. e4 c5 2. Nf3 Nc6 3. d4 cxd4 4. Nxd4 g6 5. Nc3 Bg7 6. Be3 Nf6 7. Bc4 O-O 8. Bb3 Re8 9. f3 e6 10. Qd2 d5 11. O-O-O Nxd4 12. Bxd4 e5 13. Be3 d4 14. Bg5 Be6 15. Bxe6 fxe6 16. Ne2 Qb6 17. h4 Rac8 18. Kb1 Rc5 19. c3 Rec8 20. Rc1 Nd7 21. h5 Rb5 22. hxg6 hxg6 23. Bh6 Bf6 24. cxd4 Rxc1+ 25. Qxc1 exd4 26. Qc8+ Qd8 27. Qxd8+ Bxd8 28. Nxd4 Rb6 29. Be3 Ra6 30. Nb5 Bf6 31. Nxa7 Ne5 32. Nb5 Nc4 33. Bc1 Rb6 34.
a4 Ra6 35. b3 Na5 36. Bb2 Be7 37. Rh8+ Kf7 38. Rh7+ Ke8 39. Nc7+ Kd7 1-0

[Event "*** Titled Tuesday 3|2 Blitz (Late)"]
[Site "Chess.com"]
[Date "2016.11.01"]
[Round "7"]
[White "Gau_truc_lon"]
[Black "FearlessKing64"]
[Result "0-1"]
[WhiteElo "2195"]
[BlackElo "2160"]
[TimeControl "180+2"]
[EndTime "18:32:34 PDT"]
[Termination "FearlessKing64 won by resignation"]

1. Nf3 Nf6 2. g3 g6 3. Bg2 Bg7 4. O-O O-O 5. c4 d5 6. cxd5 Nxd5 7. Nc3 c6 8. d4 Nb6 9. b3 c5 10. Bf4 cxd4 11. Nb5 Nc6 12. Bc7 Qd7 13. Ng5 Nd5 14.
Bh3 e6 15. Bd6 Nc3 16. Nxc3 Qxd6 17. Nge4 Qe5 18. f4 Qh5 19. Ng5 dxc3 20. Bg2 Rd8 21. Qe1 c2 22. Rc1 Nd4 23. Rf2 f6 24. Ne4 Qb5 25. e3 f5 26. Nc3 Qb4 27. exd4 Bxd4 28. Rxc2 Bxf2+ 29. Qxf2 Bd7 30. Bxb7 Rab8 31. Bg2 Rdc8 32.
Qe1 Qd4+ 33. Kh1 e5 34. Ne2 Qe3 35. Rxc8+ Rxc8 36. fxe5 Rc2 37. Bd5+ Kg7 38. e6 Rxe2 39.
Qa1+ Qe5 40. Qxe5+ Rxe5 41. e7 Rxe7 0-1

[Event "*** Titled Tuesday 3|2 Blitz (Late)"]
[Site "Chess.com"]
[Date "2016.11.01"]
[Round "7"]
[White "chito89"]
[Black "Fandorine"]
[Result "1-0"]
[WhiteElo "2494"]
[BlackElo "2631"]
[TimeControl "180+2"]
[EndTime "18:32:37 PDT"]
[Termination "chito89 won by resignation"]

1. e4 g6 2. d4 Bg7 3. Nf3 d6 4.
Bc4 Nf6 5. Qe2 Nc6 6. e5 dxe5 7. dxe5 Ng4 8. e6 f5 9. O-O Nd4 10. Nxd4 Qxd4 11. h3 Nf6 12. Nc3 O-O 13. Rd1 Qb6 14. Bb3 c6 15. Bf4 Kh8 16. Rd3 Nh5 17. Be5 Qb4 18.
Rad1 Qa5 19. Bxg7+ Kxg7 20. g3 b6 21. Qf3 Nf6 22. Qxc6 Ba6 23. Rd7 Rfe8 24. Rxe7+ Rxe7 25. Qxa8 f4 26. Qd8 Qc5 27. Qd6 fxg3 28. Qxc5 bxc5 29. fxg3 c4 30. Ba4 Rxe6 31. Rd8 Bb7 32. g4 g5 33. Kf2 h5 34. gxh5 Bh1 35. Bb5 Nxh5 36. Bxc4 Rf6+ 37. Kg1 Bc6 38. Rg8+ Kh6 39. Rh8+ Kg6 40.
Bd3+ 1-0